ESL (28 & UNDER)
MINNESOTA MANBEARPIGS @ INTERCOURSE AMISH
09/12/2030
 
TOP OF THE 1ST
Minnesota ManBearPigs batting - Pitching for Intercourse Amish : LHP Miguel Meneces
Pitching: LHP Miguel Meneces
Batting: RHB Carlos López 0-0: Ball
1-0: Foul Ball, location: 2F
1-1: Foul Ball, location: 2F
1-2: Ball
2-2: Foul Ball, location: 2F
2-2: Foul Ball, location: 2F
2-2: Strikes out swinging
Batting: RHB Eduardo Rojas 0-0: Ball
1-0: Ball
2-0: Foul Ball, location: 2F
2-1: Ball
3-1: Foul Ball, location: 2F
3-2: Ground out 6-3 (Groundball, 6)
Batting: RHB Jaime Hernández 0-0: Fly out, F9 (Flyball, 9)
Top of the 1st over - 0 runs, 0 hits, 0 errors, 0 left on base; Minnesota 0 - Intercourse 0
BOTTOM OF THE 1ST
Intercourse Amish batting - Pitching for Minnesota ManBearPigs : RHP Dan Catron
Pitching: RHP Dan Catron
Batting: RHB Joel Hebert 0-0: Ball
1-0: Ball
2-0: Ball
3-0: Base on Balls
Batting: LHB Carlos De La Rosa 0-0: Ball
1-0: Foul Ball, location: 2F
1-1: Ball
2-1: Ball
3-1: Base on Balls
Joel Hebert to second
Batting: RHB Júlio Serra 0-0: Ball
1-0: Ball
2-0: Fielders Choice at 2nd, 6-4 (Groundball, 6)
Joel Hebert to third
Batting: SHB Frank Grant 0-0: Called Strike
0-1: Fly out, F7 (Flyball, 7LMF)
Runner from 3rd tags up, SCORES, no throw
Batting: RHB Frank Maxwell 0-0: Called Strike
0-1: Ball
1-1: Ball
2-1: Ball
Júlio Serra steals 2nd base
3-1: Foul Ball, location: 2F
3-2: Base on Balls
Batting: SHB Sean Moody 0-0: Called Strike
0-1: Swinging Strike
0-2: Foul Ball, location: 2F
0-2: Ball
1-2: Ball
2-2: Foul Ball, location: 2F
2-2: Ball
3-2: Foul Ball, location: 2F
3-2: DOUBLE (Flyball, 89D)
Júlio Serra scores
Frank Maxwell to third
Frank Maxwell scores
Batting: RHB Esteban Ayala 0-0: Called Strike
0-1: Called Strike
0-2: Ball
1-2: Ball
2-2: Foul Ball, location: 2F
2-2: Ball
3-2: Strikes out swinging
Bottom of the 1st over - 3 runs, 1 hit, 0 errors, 1 left on base; Minnesota 0 - Intercourse 3
TOP OF THE 2ND
Minnesota ManBearPigs batting - Pitching for Intercourse Amish : LHP Miguel Meneces
Batting: RHB Gustavo Medine 0-0: Called Strike
0-1: Foul Ball, location: 2F
0-2: Ball
1-2: Foul Ball, location: 2F
1-2: Hit by Pitch
Batting: RHB Jeffrey Hicks 0-0: Grounds into double play, 4-6-3 (Groundball, 4)
Batting: RHB James Hunter 0-0: Ball
1-0: Called Strike
1-1: Ball
2-1: Called Strike
2-2: Foul Ball, location: 2F
2-2: Foul Ball, location: 2F
2-2: Fly out, F8 (Line Drive, 8RM)
Top of the 2nd over - 0 runs, 0 hits, 0 errors, 0 left on base; Minnesota 0 - Intercourse 3
BOTTOM OF THE 2ND
Intercourse Amish batting - Pitching for Minnesota ManBearPigs : RHP Dan Catron
Batting: SHB Conan Hanson 0-0: Called Strike
0-1: Ball
1-1: Called Strike
1-2: Ball
2-2: Foul Ball, location: 2F
2-2: SINGLE (Groundball, 4MD)
Batting: RHB Roberto Solís 0-0: Called Strike
0-1: Ball
1-1: Ball
2-1: Grounds into double play, 6-4-3 (Groundball, 56)
Batting: RHB Joel Hebert 0-0: Ball
1-0: Called Strike
1-1: Ball
2-1: Foul Ball, location: 2F
2-2: Foul Ball, location: 2F
2-2: Strikes out swinging
Bottom of the 2nd over - 0 runs, 1 hit, 0 errors, 0 left on base; Minnesota 0 - Intercourse 3
TOP OF THE 3RD
Minnesota ManBearPigs batting - Pitching for Intercourse Amish : LHP Miguel Meneces
Batting: SHB Darrel Lang 0-0: Ball
1-0: Called Strike
1-1: Ground out 5-3 (Groundball, 56)
Batting: RHB Irving Galloway 0-0: Ball
1-0: Foul Ball, location: 2F
1-1: Foul Ball, location: 2F
1-2: Hit by Pitch
Batting: RHB Pedro López 0-0: Ball
1-0: Ball
2-0: Foul Ball, location: 2F
2-1: 2-RUN HOME RUN (Flyball, 7LD), Distance : 374 ft
Batting: RHB Carlos López 0-0: Ball
1-0: Ball
2-0: Foul Ball, location: 2F
2-1: Swinging Strike
2-2: Ball
3-2: Base on Balls
Batting: RHB Eduardo Rojas 0-0: Called Strike
0-1: Ball
1-1: Ball
2-1: Ball
3-1: Swinging Strike
3-2: Foul Ball, location: 2F
3-2: Foul Ball, location: 2F
3-2: Base on Balls
Carlos López to second
Batting: RHB Jaime Hernández 0-0: Fly out, F5 (Popup, 56S)
Batting: RHB Gustavo Medine 0-0: Called Strike
0-1: 3-RUN HOME RUN (Flyball, 7LD), Distance : 371 ft
Batting: RHB Jeffrey Hicks 0-0: Foul Ball, location: 2F
0-1: Swinging Strike
0-2: Ball
1-2: SINGLE (Line Drive, 8LS)
Pitching: RHP Colin Younger
Batting: RHB James Hunter 0-0: Ball
1-0: Ball
2-0: Called Strike
2-1: Ball
3-1: SINGLE (Groundball, 56D)
Jeffrey Hicks to second
Runner from 2nd tries for 3rd, SAFE, no throw
Batting: SHB Darrel Lang 0-0: Ball
1-0: Fly out, F7 (Flyball, 7)
Top of the 3rd over - 5 runs, 4 hits, 0 errors, 2 left on base; Minnesota 5 - Intercourse 3
BOTTOM OF THE 3RD
Intercourse Amish batting - Pitching for Minnesota ManBearPigs : RHP Dan Catron
Batting: LHB Carlos De La Rosa 0-0: Called Strike
0-1: Foul Ball, location: 2F
0-2: Foul Ball, location: 2F
0-2: Ball
1-2: Ball
2-2: Ball
3-2: Foul Ball, location: 2F
3-2: Strikes out swinging
Batting: RHB Júlio Serra 0-0: Ball
1-0: Ground out 1-3 (Groundball, P)
Batting: SHB Frank Grant 0-0: Ball
1-0: Called Strike
1-1: Ball
2-1: Foul Ball, location: 2F
2-2: Strikes out swinging
Bottom of the 3rd over - 0 runs, 0 hits, 0 errors, 0 left on base; Minnesota 5 - Intercourse 3
TOP OF THE 4TH
Minnesota ManBearPigs batting - Pitching for Intercourse Amish : RHP Colin Younger
Batting: RHB Irving Galloway 0-0: SINGLE (Groundball, 6MD)
Batting: RHB Pedro López 0-0: Ball
1-0: Ball
2-0: Fly out, F8 (Flyball, 8RS)
Batting: RHB Carlos López 0-0: Ball
1-0: Called Strike
1-1: SINGLE (Groundball, 56D)
Irving Galloway to second
Batting: RHB Eduardo Rojas 0-0: Ball
Irving Galloway steals 3rd base
1-0: SINGLE (Flyball, 7LM)
Irving Galloway scores
Carlos López to second
Batting: RHB Jaime Hernández 0-0: Ball
1-0: Ground out 6-3 (Groundball, 6S)
Carlos López to third
Eduardo Rojas to second
Batting: RHB Gustavo Medine 0-0: Ball
1-0: Called Strike
1-1: Called Strike
1-2: Strikes out swinging
Top of the 4th over - 1 run, 3 hits, 0 errors, 2 left on base; Minnesota 6 - Intercourse 3
BOTTOM OF THE 4TH
Intercourse Amish batting - Pitching for Minnesota ManBearPigs : RHP Dan Catron
Batting: RHB Frank Maxwell 0-0: Called Strike
0-1: Ball
1-1: Swinging Strike
1-2: Foul Ball, location: 2F
1-2: SINGLE (Flyball, 8RM)
Pitching: RHP Ricardo Alonso
Batting: SHB Sean Moody 0-0: DOUBLE (Flyball, 78D)
Frank Maxwell to third
Batting: RHB Esteban Ayala 0-0: Ball
1-0: Ball
2-0: Foul Ball, location: 2F
2-1: Ground out 3-1 (Groundball, 34S)
Batting: SHB Conan Hanson 0-0: Swinging Strike
0-1: Swinging Strike
0-2: SINGLE (Groundball, 4MD)
Frank Maxwell scores
Sean Moody to third
Batting: RHB Roberto Solís 0-0: Ball
1-0: Grounds into double play, 6-4-3 (Groundball, 6)
Bottom of the 4th over - 1 run, 3 hits, 0 errors, 1 left on base; Minnesota 6 - Intercourse 4
TOP OF THE 5TH
Minnesota ManBearPigs batting - Pitching for Intercourse Amish : RHP Colin Younger
Batting: RHB Jeffrey Hicks 0-0: Called Strike
0-1: Foul Ball, location: 2F
0-2: Ball
1-2: Foul Ball, location: 2F
1-2: Ground out 4-3 (Groundball, 4M)
Batting: RHB James Hunter 0-0: Swinging Strike
0-1: Foul Ball, location: 2F
0-2: Ball
1-2: Ball
2-2: Strikes out swinging
Batting: SHB Darrel Lang 0-0: Swinging Strike
0-1: Ball
1-1: Ball
2-1: Ball
3-1: SINGLE (Line Drive, 6MD)
Batting: RHB Irving Galloway 0-0: SINGLE (Groundball, 34D)
Darrel Lang to second
Runner from 2nd tries for 3rd, SAFE, no throw
Batting: RHB Pedro López 0-0: Ball
1-0: SINGLE (Groundball, 34S) (infield hit)
Darrel Lang scores
Irving Galloway to second
Batting: RHB Carlos López 0-0: Swinging Strike
0-1: Reached on error, E3 (Groundball, 3S)
Irving Galloway to third
Pedro López to second
Batting: RHB Eduardo Rojas 0-0: Swinging Strike
0-1: Fielders Choice at 2nd, 6-4 (Groundball, 6)
Top of the 5th over - 1 run, 3 hits, 1 error, 3 left on base; Minnesota 7 - Intercourse 4
BOTTOM OF THE 5TH
Intercourse Amish batting - Pitching for Minnesota ManBearPigs : RHP Ricardo Alonso
Batting: RHB Joel Hebert 0-0: Ball
1-0: Ball
2-0: Swinging Strike
2-1: Ball
3-1: Base on Balls
Batting: LHB Carlos De La Rosa 0-0: Called Strike
0-1: Ball
1-1: Ball
2-1: Ball
3-1: Foul Ball, location: 2F
3-2: Fly out, F5 (Popup, 5S)
Batting: RHB Júlio Serra 0-0: Called Strike
0-1: Foul Ball, location: 2F
0-2: Ball
1-2: Ball
2-2: Ball
3-2: Base on Balls
Joel Hebert to second
Batting: SHB Frank Grant 0-0: Ball
1-0: Swinging Strike
1-1: Ball
2-1: Called Strike
2-2: Fly out, F6 (Popup, 6M)
Batting: RHB Frank Maxwell 0-0: Ball
1-0: Foul Ball, location: 2F
1-1: Fielders Choice at 2nd, 6-4 (Groundball, 6)
Bottom of the 5th over - 0 runs, 0 hits, 0 errors, 2 left on base; Minnesota 7 - Intercourse 4
TOP OF THE 6TH
Minnesota ManBearPigs batting - Pitching for Intercourse Amish : RHP Colin Younger
Pitching: RHP Joe Bell
Batting: RHB Jaime Hernández 0-0: Ball
1-0: Fly out, F7 (Flyball, 78M)
Batting: RHB Gustavo Medine 0-0: Ball
1-0: Ground out 3-1 (Groundball, 34)
Batting: RHB Jeffrey Hicks 0-0: Called Strike
0-1: Ground out 5-3 (Groundball, 56S)
Top of the 6th over - 0 runs, 0 hits, 0 errors, 0 left on base; Minnesota 7 - Intercourse 4
BOTTOM OF THE 6TH
Intercourse Amish batting - Pitching for Minnesota ManBearPigs : RHP Ricardo Alonso
Batting: SHB Sean Moody 0-0: Ball
1-0: Ball
2-0: Called Strike
2-1: Ball
3-1: Called Strike
3-2: Strikes out swinging
Batting: RHB Esteban Ayala 0-0: Ball
1-0: Ball
2-0: Called Strike
2-1: Ground out 5-3 (Groundball, 5L)
Batting: SHB Conan Hanson 0-0: Called Strike
0-1: Ball
1-1: Foul Ball, location: 2F
1-2: Ball
2-2: Fly out, F5 (Popup, 5F)
Bottom of the 6th over - 0 runs, 0 hits, 0 errors, 0 left on base; Minnesota 7 - Intercourse 4
TOP OF THE 7TH
Minnesota ManBearPigs batting - Pitching for Intercourse Amish : RHP Joe Bell
Batting: RHB James Hunter 0-0: Called Strike
0-1: Ball
1-1: Ball
2-1: Swinging Strike
2-2: Foul Ball, location: 2F
2-2: Foul Ball, location: 2F
2-2: Foul Ball, location: 2F
2-2: Ball
3-2: Foul Ball, location: 2F
3-2: Foul Ball, location: 2F
3-2: Fly out, F7 (Line Drive, 7)
Batting: SHB Darrel Lang 0-0: Ball
1-0: Ball
2-0: Called Strike
2-1: Foul Ball, location: 2F
2-2: Ball
3-2: Foul Ball, location: 2F
3-2: Foul Ball, location: 2F
3-2: Strikes out swinging
Batting: RHB Irving Galloway 0-0: Ball
1-0: Ground out 5-3 (Groundball, 56S)
Top of the 7th over - 0 runs, 0 hits, 0 errors, 0 left on base; Minnesota 7 - Intercourse 4
BOTTOM OF THE 7TH
Intercourse Amish batting - Pitching for Minnesota ManBearPigs : RHP Ricardo Alonso
Pitching: RHP Danny Johnston
Now in CF: Carlos Luna
Batting: RHB Roberto Solís 0-0: Swinging Strike
0-1: Ball
1-1: Ball
2-1: Ball
3-1: Foul Ball, location: 2F
3-2: Foul Ball, location: 2F
3-2: Foul Ball, location: 2F
3-2: Base on Balls
Batting: RHB Joel Hebert 0-0: Ball
1-0: Called Strike
1-1: Foul Ball, location: 2F
1-2: Ball
2-2: Ball
3-2: Ground out 4-3 (Groundball, 4S)
Roberto Solís to second
Batting: LHB Carlos De La Rosa 0-0: Ball
1-0: Ball
2-0: Ground out 1-3 (Groundball, 15S)
Batting: RHB Júlio Serra 0-0: Called Strike
0-1: Ball
1-1: Fly out, F3 (Popup, 3S)
Bottom of the 7th over - 0 runs, 0 hits, 0 errors, 1 left on base; Minnesota 7 - Intercourse 4
TOP OF THE 8TH
Minnesota ManBearPigs batting - Pitching for Intercourse Amish : RHP Joe Bell
Batting: RHB Pedro López 0-0: Foul Ball, location: 2F
0-1: Ball
1-1: Ground out 4-3 (Groundball, 4)
Batting: RHB Carlos López 0-0: Ball
1-0: Called Strike
1-1: Ball
2-1: SINGLE (Groundball, 6MD)
Batting: RHB Eduardo Rojas 0-0: Ball
1-0: Fielders Choice at 2nd, 6-4 (Groundball, 6)
Batting: RHB Jaime Hernández 0-0: Fly out, F9 (Flyball, 9LMF)
Top of the 8th over - 0 runs, 1 hit, 0 errors, 1 left on base; Minnesota 7 - Intercourse 4
BOTTOM OF THE 8TH
Intercourse Amish batting - Pitching for Minnesota ManBearPigs : RHP Danny Johnston
Now at C: Nicoli Turina
Now at 2B: Martín Pérez
Batting: SHB Frank Grant 0-0: Ball
1-0: Ball
2-0: Called Strike
2-1: Foul Ball, location: 2F
2-2: Ball
3-2: Foul Ball, location: 2F
3-2: Strikes out swinging
Batting: RHB Frank Maxwell 0-0: Ball
1-0: Foul Ball, location: 2F
1-1: Foul Ball, location: 2F
1-2: Ball
2-2: Ball
3-2: Foul Ball, location: 2F
3-2: Base on Balls
Batting: SHB Sean Moody 0-0: Foul Ball, location: 2F
0-1: Foul Ball, location: 2F
0-2: DOUBLE (Flyball, 78D)
Frank Maxwell to third
Batting: RHB Esteban Ayala 0-0: Foul Ball, location: 2F
0-1: Ball
1-1: Ball
2-1: Called Strike
2-2: Ball
3-2: Foul Ball, location: 2F
3-2: Strikes out swinging
Batting: SHB Conan Hanson 0-0: Called Strike
0-1: Swinging Strike
0-2: Ball
1-2: Foul Ball, location: 2F
1-2: Foul Ball, location: 2F
1-2: Strikes out swinging
Bottom of the 8th over - 0 runs, 1 hit, 0 errors, 2 left on base; Minnesota 7 - Intercourse 4
TOP OF THE 9TH
Minnesota ManBearPigs batting - Pitching for Intercourse Amish : RHP Joe Bell
Batting: RHB Nicoli Turina 0-0: Ball
1-0: Ground out 6-3 (Groundball, 6)
Batting: RHB Carlos Luna 0-0: Called Strike
0-1: Ball
1-1: Ball
2-1: Ground out 5-3 (Groundball, 56S)
Batting: RHB James Hunter 0-0: Ball
1-0: Ball
2-0: SINGLE (Groundball, 4MD)
Batting: SHB Darrel Lang 0-0: Ball
1-0: Foul Ball, location: 2F
1-1: Ball
2-1: Ball
3-1: Foul Ball, location: 2F
3-2: Foul Ball, location: 2F
3-2: Base on Balls
James Hunter to second
Batting: RHB Irving Galloway 0-0: Called Strike
0-1: Called Strike
0-2: Strikes out swinging
Top of the 9th over - 0 runs, 1 hit, 0 errors, 2 left on base; Minnesota 7 - Intercourse 4
BOTTOM OF THE 9TH
Intercourse Amish batting - Pitching for Minnesota ManBearPigs : RHP Danny Johnston
Pitching: RHP Manuel Trujillo
Batting: RHB Roberto Solís 0-0: Ball
1-0: Called Strike
1-1: Ball
2-1: Ball
3-1: Base on Balls
Batting: RHB Joel Hebert 0-0: DOUBLE (Line Drive, 8RD)
Roberto Solís to third
Batting: LHB Carlos De La Rosa 0-0: Called Strike
0-1: Called Strike
0-2: Fly out, F7 (Flyball, 7)
Runner from 3rd tags up, SCORES, no throw
Batting: RHB Júlio Serra 0-0: Ball
1-0: Foul Ball, location: 2F
1-1: Swinging Strike
1-2: Ball
2-2: Fly out, F9 (Flyball, 9S)
Pinch Hitting: LHB Bruce Foster 0-0: Ball
1-0: Ball
2-0: SINGLE (Flyball, 78M)
Joel Hebert to third
Batting: RHB Frank Maxwell 0-0: Ball
1-0: Ball
2-0: Ball
3-0: Base on Balls
Bruce Foster to second
Batting: SHB Sean Moody 0-0: Ground out 5-3 (Groundball, 56S)
Bottom of the 9th over - 1 run, 2 hits, 0 errors, 3 left on base; Minnesota 7 - Intercourse 5
Saturday, April 7th, 2018 - OOTP Baseball 18.8 Build 76